 Dungeon Crawl Stone Soup version 0.31.0-12-g77e489cdc1 (webtiles) character file.

Game seed: 13898970481245915812

64 Marvel the Covered (level 3, -7/33 HPs)
             Began as a Minotaur Fighter on Feb 14, 2024.
             Mangled by a gnoll
             ... wielding a +0 club
              (8 damage)
             ... on level 2 of the Dungeon.
             The game lasted 00:00:58 (1252 turns).

Marvel the Covered (Minotaur Fighter)               Turns: 1252, Time: 00:00:58

Health: -7/33      AC:  7    Str: 22    XL:     3   Next: 91%
Magic:  2/2        EV:  9    Int:  5    God:
Gold:   97         SH:  4    Dex:  9    Spells: 2/2 levels left

rFire   . . .        a - +0 trident
rCold   . . .        c - +0 buckler
rNeg    . . .        b - +0 scale mail
rPois   .            (helmet restricted)
rElec   .            (no cloak)
rCorr   .            (no gloves)
SInv    .            (no boots)
Will    .....        (no amulet) Stlth
                     (no ring)
HPRegen 0.25/turn    (no ring)
MPRegen 0.08/turn

%: no passive effects
@: mighty
A: horns 2, retaliatory headbutt
a: no special abilities


You were on level 2 of the Dungeon.
You visited 1 branch of the dungeon, and saw 2 of its levels.

You collected 97 gold pieces.

Inventory:

Hand Weapons
 a - a +0 trident (weapon)
Missiles
 j - 2 throwing nets (quivered)
Armour
 b - a +0 scale mail (worn)
 c - a +0 buckler (worn)
Scrolls
 e - 3 scrolls of identify {unknown}
 g - a scroll of fear {unknown}
 h - a scroll of amnesia {unknown}
 i - a scroll of teleportation {unknown}
 k - a scroll of silence {unknown}
Potions
 f - 2 potions of degeneration {unknown}


   Skills:
 + Level 4.2 Fighting
 + Level 3.2 Polearms
 + Level 4.7 Armour
 - Level 4.0 Shields


You had 2 spell levels left.
You didn't know any spells.
Your spell library was empty.

Dungeon Overview and Level Annotations

Branches:
Dungeon (2/15)

Altars:


Innate Abilities, Weirdness & Mutations

You have a pair of horns on your head.
You reflexively headbutt those who attack you in melee.


Message History

The gnoll is heavily wounded.
The gnoll closely misses you. x2
You barely miss the gnoll.
The gnoll is heavily wounded.
The gnoll misses you. The gnoll hits you with a +0 club.
You barely miss the gnoll.
The gnoll is heavily wounded.
The gnoll hits you from afar with a +0 spear.
The gnoll hits you but does no damage.
You are too injured to fight recklessly!
You are too injured to fight recklessly!
You are too injured to fight recklessly!
You are too injured to fight recklessly!
The gnoll hits you with a +0 spear. The gnoll attacks as it pursues you!
You block the gnoll's attack.
You are too injured to fight recklessly!
You are too injured to fight recklessly!
You are too injured to fight recklessly!
You barely miss the gnoll.
The gnoll is heavily wounded.
The gnoll hits you with a +0 spear! The gnoll hits you but does no damage.
You hit the gnoll but do no damage.
The gnoll is heavily wounded.
The gnoll hits you but does no damage. The gnoll hits you with a +0 club.
* * * LOW HITPOINT WARNING * * *
The gnoll closely misses you. The gnoll hits you with a +0 spear.
* * * LOW HITPOINT WARNING * * *
You hit the gnoll but do no damage.
You headbutt the gnoll, but do no damage.
The gnoll is heavily wounded.
The gnoll hits you with a +0 spear.
* * * LOW HITPOINT WARNING * * *
The gnoll hits you with a +0 club.
* * * LOW HITPOINT WARNING * * *
You feel very mighty all of a sudden. The gnoll closely misses you.
The gnoll hits you but does no damage.
You hit the gnoll. Your headbutt misses the gnoll.
The gnoll is heavily wounded.
The gnoll hits you but does no damage. The gnoll hits you with a +0 club!
You die...

..#
........#####.##..###
..#
........'.........#
..#
........#####.###.#
..#
............#.....#
..#
............#######
..# ..<.........# ###
............# #
............# #
.........g@.# #
...$.....g..# #
...........# #
..........# #
..........# .
..........# #
..?.......# #
.........# #


You could see 2 gnolls.

Vanquished Creatures
  2 gnolls
  2 adders (D:2)
  4 ball pythons
  A bat (D:1)
  2 endoplasms (D:1)
  A giant cockroach (D:1)
  5 jackals
  5 kobolds
  2 frilled lizards (D:1)
  4 rats (D:1)
28 creatures vanquished.

Notes
Turn   | Place    | Note
-------+----------+-------------------------------------------
     0 | D:1      | Marvel the Minotaur Fighter began the quest for the Orb.
     0 | D:1      | Reached XP level 1. HP: 19/19 MP: 0/0
   131 | D:1      | Reached XP level 2. HP: 19/27 MP: 1/1
   787 | D:2      | Reached XP level 3. HP: 33/33 MP: 2/2
  1250 | D:2      | HP: 1/33 [gnoll/+0 club (4)]
  1252 | D:2      | Mangled by a gnoll

Illustrated notes

Levels and vault maps discovered:
D:1:      dpeg_arrival_rooms_b, layout_loops_ring
D:2:      layout_basic, kennysheep_pointless_box,
          chequers_serial_rivers_micro_c, minmay_misc_feat_square

Skill      XL: |  1  2 |
---------------+-------+-----
Fighting       | 4 |  4.2
Armour         | 4 |  4.7
Shields        | 4 |  4.0
Polearms       | 3 |  3.2

Action                     || total
---------------------------++-------
  Melee: Trident           ||    76
         Headbutt          ||    10
    Use: Potion            ||     1
 Armour: Scale mail        ||    59
  Dodge: Dodged            ||    23
  Block: Buckler           ||     8
